 Dungeon Crawl Stone Soup version 0.27.1-34-g3ba077fa99 (webtiles) character file.

Game seed: 8572795677825821258

106 fishdoom the Grave Robber (level 4, 0/30 HPs)
             Began as a Demonspawn Necromancer on Jan 21, 2022.
             Slain by a gnoll (9 damage)
             ... on level 3 of the Dungeon.
             The game lasted 00:14:30 (3425 turns).

fishdoom the Grave Robber (Demonspawn Necromancer)  Turns: 3425, Time: 00:14:32

Health: 0/30       AC:  4    Str:  8    XL:     4   Next: 55%
Magic:  5/8        EV: 12    Int: 24    God:
Gold:   74         SH:  0    Dex: 13    Spells: 3/9 levels left

rFire    . . .     SeeInvis .   k - +0 dagger (venom)
rCold    . . .     Faith    .   (no shield)
rNeg     . . .     Spirit   .   a - +0 robe
rPois    .         Reflect  .   (no helmet)
rElec    .         Harm     .   q - +1 cloak
rCorr    .         Rampage  .   (no gloves)
Will     .....                  (no boots)
Stlth    ++........             (no amulet)
HPRegen  0.10/turn              l - +6 ring of intelligence
MPRegen  0.11/turn              (no ring)

@: no status effects
A: foul stench 2
a: no special abilities


You were on level 3 of the Dungeon.
You visited 1 branch of the dungeon, and saw 3 of its levels.

You collected 74 gold pieces.

Inventory:

Hand Weapons
 b - a +0 short sword
 k - a +0 dagger of venom (weapon)
Missiles
 d - 53 bolts
Armour
 a - a +0 robe (worn)
 p - a scarf of resistance
 q - a +1 cloak (worn)
Jewellery
 l - a +6 ring of intelligence (left hand)
 r - a ring of protection from cold
Scrolls
 c - a scroll of identify
 g - a scroll of summoning {unknown}
 h - a scroll of amnesia {unknown}
 i - a scroll of noise {unknown}
 m - a scroll of enchant armour {unknown}
 o - a scroll of enchant weapon {unknown}
 s - a scroll of torment {unknown}
 t - a scroll of teleportation {unknown}
Potions
 e - a potion of curing {unknown}
 f - a potion of ambrosia {unknown}
 j - 2 potions of lignification
 n - a potion of haste {unknown}


   Skills:
 + Level 0.3 Short Blades
 + Level 1.8 Dodging
 * Level 2.2 Stealth
 * Level 3.1 Spellcasting
 * Level 5.5 Necromancy


You had 3 spell levels left.
You knew the following spells:

 Your Spells              Type           Power      Damage    Failure   Level
a - Pain                  Necr           100%       1d9       1%          1
b - Animate Skeleton      Necr           60%        N/A       1%          1
c - Animate Dead          Necr           15%        N/A       11%         4

Your spell library contained the following spells:

 Spells                   Type           Power      Damage    Failure   Level
 Vampiric Draining        Necr           15%        2d8       3%          3
 Agony                    Necr           30%        N/A       30%         5


Dungeon Overview and Level Annotations

Branches:
Dungeon (3/15)

Altars:

Shops:
D:3 ?


Innate Abilities, Weirdness & Mutations

You sometimes emit foul miasma when damaged in melee.


Message History

You kill the gnoll!
Casting: Pain (safe; 1% risk of failure)
Confirm with . or Enter, or press ? or * to list all spells.
There is nothing nearby to animate!
Casting: Animate Dead (quite dangerous; 11% risk of failure)
Confirm with . or Enter, or press ? or * to list all spells.
Aiming: Pain (safe; 1% risk of failure)
Press: ? - help, Shift-Dir - straight line, f - gnoll
Aim: a gnoll, wielding a +0 hand axe (chance to affect: 89%)
The gnoll writhes in agony!
You hit the gnoll but do no damage.
The gnoll is severely wounded.
The gnoll closely misses you. The gnoll barely misses you.
You closely miss the gnoll.
The gnoll is severely wounded.
The gnoll barely misses you.
You barely miss the gnoll.
The gnoll is severely wounded.
The gnoll barely misses you. The gnoll closely misses you.
You hit the gnoll but do no damage.
The gnoll is severely wounded.
The gnoll hits you with a +0 hand axe.
The gnoll hits you from afar with a +0 spear.
You hit the gnoll but do no damage.
The gnoll is severely wounded.
The gnoll barely misses you.
The gnoll hits you from afar with a +0 spear!
You barely miss the gnoll.
The gnoll is severely wounded.
The gnoll barely misses you.
The gnoll hits you from afar with a +0 spear.
Casting: Pain (safe; 1% risk of failure)
Confirm with . or Enter, or press ? or * to list all spells.
Aiming: Pain (safe; 1% risk of failure)
Press: ? - help, Shift-Dir - straight line, f/p - gnoll
Aim: a gnoll, wielding a +0 hand axe (severely wounded, chance to affect: 89%)
The gnoll writhes in agony!
You kill the gnoll!
The gnoll hits you from afar with a +0 spear!
You die...

#.########..###.#
##.#.............#
#.........#####..#
###..#.#....#
#..######
.............#
#........
####..#.#....#
#.).#####
#......##.#####.).#
#...............).#
#..)..@)g.........#
##....)####.###..##
........# # # #..#
###...... ..<..
##>..## ##.####
##.. ..# ### ####


You could see a gnoll.

Vanquished Creatures
  2 gnolls (D:3)
  4 adders (D:2)
  2 dart slugs (D:2)
  3 orcs
  5 bats
  4 endoplasms
  2 giant cockroaches (D:3)
  3 goblins (D:2)
  3 hobgoblins
  2 kobolds
  2 quokkas (D:1)
  5 ball pythons
  5 frilled lizards
  3 rats
45 creatures vanquished.

Vanquished Creatures (collateral kills)
  An adder (D:3)
  2 orcs (D:3)
3 creatures vanquished.

Grand Total: 48 creatures vanquished

Notes
Turn   | Place    | Note
-------+----------+-------------------------------------------
     0 | D:1      | fishdoom the Demonspawn Necromancer began the quest for the
                  | Orb.
     0 | D:1      | Reached XP level 1. HP: 13/13 MP: 3/3
     3 | D:1      | Learned a level 1 spell: Animate Skeleton
   334 | D:1      | Found a faded altar of an unknown god.
   390 | D:1      | Gained mutation: You may rarely emit foul miasma when
                  | damaged in melee. [demonic ancestry]
   390 | D:1      | Reached XP level 2. HP: 4/19 MP: 3/5
  1259 | D:2      | Reached skill level 5 in Necromancy
  1442 | D:2      | Gained mutation: You sometimes emit foul miasma when
                  | damaged in melee. [demonic ancestry]
  1442 | D:2      | Reached XP level 3. HP: 8/24 MP: 0/6
  2419 | D:2      | Reached XP level 4. HP: 19/30 MP: 5/8
  2424 | D:2      | Learned a level 4 spell: Animate Dead
  3229 | D:3      | Found Bastorpha's Magic Scroll Boutique.
  3425 | D:3      | Slain by a gnoll

Illustrated notes

Levels and vault maps discovered:
D:1:      sevenhm_arrival_forest_fort_small_4, layout_rooms,
          ebering_ecumenical_altar_box
D:2:      minmay_inner_zag, layout_loops_corners
D:3:      layout_loops_ring, serial_shops, shop_statue, uniq_natasha

Skill      XL: |  1  2  3  4 |
---------------+-------------+-----
Stealth        | 2 |  2.2
Necromancy     | 5 |  5.5
Spellcasting   | 3 |  3.1
Short Blades   | |  0.3
Dodging        | |  1.8

Action                   |  1- 3 |  4- 6 || total
-------------------------+-------+-------++-------
Melee: Short sword       |    36 |       ||    36
       Dagger            |    17 |    21 ||    38
 Cast: Pain              |    35 |    14 ||    49
       Animate Skeleton  |     8 |     2 ||    10
       Animate Dead      |       |     2 ||     2
  Use: Scroll            |     1 |       ||     1
 Stab: Sleeping          |       |     1 ||     1
Armor: Robe              |    13 |     4 ||    17
Dodge: Dodged            |    43 |    15 ||    58
